 Dungeon Crawl Stone Soup version 0.28.0 (webtiles) character file.

Game seed: 7320873132146357385

46 themarg the Skirmisher (level 3, 0/34 HPs)
             Began as a Minotaur Monk on Feb 5, 2022.
             Slain by Jessica (4 damage)
             ... on level 2 of the Dungeon.
             The game lasted 00:06:33 (1176 turns).

themarg the Skirmisher (Minotaur Monk)              Turns: 1176, Time: 00:06:33

Health: 0/34       AC:  5    Str: 17    XL:     3   Next: 46%
Magic:  2/2        EV: 12    Int:  7    God:
Gold:   45         SH:  0    Dex: 12    Spells: 2/2 levels left

rFire   . . .      SeeInvis .   a - +0 hand axe
rCold   . . .      Faith    .   (no shield)
rNeg    . . .      Spirit   .   k - +1 leather armour of Gravitas {Regen+}
rPois   .          Reflect  .   (helmet restricted)
rElec   .          Harm     .   (no cloak)
rCorr   .          Rampage  .   e - +0 pair of gloves
Will    .....                   (no boots)
Stlth   ++........              (no amulet)
HPRegen 0.91/turn               (no ring)
MPRegen 0.08/turn               (no ring)

@: lethally poisoned (0 -> -4), unable to read
A: horns 2, retaliatory headbutt, inability to read while threatened
a: no special abilities


You were on level 2 of the Dungeon.
You visited 1 branch of the dungeon, and saw 2 of its levels.

You collected 45 gold pieces.

Inventory:

Hand Weapons
 a - a +0 hand axe (weapon)
 h - a +0 dagger
Missiles
 g - 6 boomerangs (quivered)
Armour
 b - a +0 robe
 e - a +0 pair of gloves (worn)
 k - the +1 leather armour of Gravitas (worn) {Regen+}
   (You found it on level 2 of the Dungeon)

   Regen:     It increases your rate of health regeneration.
Scrolls
 c - a scroll of teleportation {unknown}
 l - a scroll of holy word {unknown}
Potions
 d - a potion of mutation
 f - a potion of berserk rage {unknown}
 i - a potion of brilliance {unknown}
 j - 2 potions of heal wounds {unknown}


   Skills:
 + Level 4.4 Fighting
 + Level 4.3 Axes
 + Level 3.7 Dodging
 + Level 1.7 Stealth


You had 2 spell levels left.
You didn't know any spells.
Your spell library was empty.

Dungeon Overview and Level Annotations

Branches:
Dungeon (2/15)

Altars:

Annotations:
D:2 Jessica


Innate Abilities, Weirdness & Mutations

You have a pair of horns on your head.
You reflexively headbutt those who attack you in melee.
You sometimes lose the ability to read scrolls when taking damage.


Message History

There is an open door here.
You barely miss Jessica. Your headbutt misses Jessica.
Jessica mumbles some strange words.
Jessica blinks!
You closely miss Jessica. Jessica hits you but does no damage.
You are poisoned.
You hit Jessica but do no damage.
You feel very sick. Jessica casts a spell at you.
Pain shoots through your body!
You closely miss Jessica.
You feel sick.
Jessica hits you with a +1 dagger of venom.
You are more poisoned.
You barely miss Jessica. Your headbutt misses Jessica.
You feel very sick. Jessica misses you. You furiously retaliate!
You headbutt Jessica, but do no damage.
Press: ? - help, v - describe, . - travel The floor.
You feel sick. Jessica closely misses you.
You feel sick.
You feel sick.
Jessica casts a spell.
Jessica seems to speed up.
You feel sick.
You feel sick.
You feel sick.
Jessica points at you and mumbles some strange words.
Pain shoots through your body!
* * * LOW HITPOINT WARNING * * *
It was a potion of mutation.
You feel extremely strange.
You lose the ability to read scrolls when threatened.
You feel sick.
Jessica hits you with a +1 dagger of venom.
You feel threatened and lose the ability to read scrolls!
* * * LOW HITPOINT WARNING * * *
You are lethally poisoned!
Jessica gestures wildly.
Jessica hits you with a +1 dagger of venom.
You die...

....# #.#.####.#.# ....#
#........#.# ....#
.######.#####.### ....+
................# ....#
.###..#.#.###.#'#####
#....# #.
#....##.......# #.##.#
####'##.##.......# #.#
... #......@........#
#.# ## #....#@####'#####
#.# #....#..###.# #.#
###.......#.. ..######
#.###.#.#### .......#
#.#.....#
.......######.#.#...#
.......##...#.#.#...##.
.......''...'..........
.......##...#.#†#.#.....


You could see Jessica (fast).

Vanquished Creatures
  3 adders (D:2)
  A dart slug (D:1)
  2 ball pythons
  An endoplasm (D:1)
  A giant cockroach (D:1)
  3 hobgoblins
  3 bats
  A frilled lizard (D:2)
  3 rats
18 creatures vanquished.

Vanquished Creatures (others)
  A giant cockroach (D:1)
1 creature vanquished.

Grand Total: 19 creatures vanquished

Notes
Turn   | Place    | Note
-------+----------+-------------------------------------------
     0 | D:1      | themarg the Minotaur Monk began the quest for the Orb.
     0 | D:1      | Reached XP level 1. HP: 19/19 MP: 0/0
   387 | D:1      | Reached XP level 2. HP: 27/27 MP: 1/1
  1063 | D:2      | Reached XP level 3. HP: 28/33 MP: 2/2
  1087 | D:2      | Identified the +1 leather armour of Gravitas {Regen+}
  1162 | D:2      | Noticed Jessica
  1176 | D:2      | Gained mutation: You sometimes lose the ability to read
                  | scrolls when taking damage. [potion of mutation]
  1176 | D:2      | Slain by Jessica

Illustrated notes

Levels and vault maps discovered:
D:1:      psy_arrival_statuary, layout_basic
D:2:      layout_basic, minmay_close_crescents, uniq_jessica

Skill      XL: |  1  2 |
---------------+-------+-----
Axes           | 4 |  4.3
Fighting       | 4 |  4.4
Dodging        | |  3.7
Stealth        | |  1.7

Action                   || total
-------------------------++-------
Melee: Hand axe          ||    53
       Headbutt          ||     7
       Punch             ||     1
  Use: Potion            ||     1
Armor: Robe              ||    11
       Leather armour    ||     3
Dodge: Dodged            ||    41
